 Dungeon Crawl Stone Soup version 0.18-b1-18-g7758cf2 (webtiles) character file.

28 Chiseanne the Magician (level 3, 26/26 HPs)
             Began as a Demonspawn Wizard on May 2, 2016.
             Quit the game on level 1 of the Dungeon.
             The game lasted 00:01:41 (1453 turns).

Chiseanne the Magician (Demonspawn Wizard)          Turns: 1453, Time: 00:01:42

Health: 26/26      AC:  3    Str:  7    XL:     3   Next: 0%
Magic:  5/7        EV: 12    Int: 20    God:
Gold:   66         SH:  0    Dex: 11    Spells: 3 memorised, 3 levels left

rFire  . . .     SeeInvis .     i - +0 short sword
rCold  . . .     Gourm    .     a - +0 robe
rNeg   . . .     Faith    .     (no shield)
rPois  .         Spirit   .     b - +0 hat
rElec  .         Dismiss  .     (no cloak)
rCorr  .         Reflect  .     (no gloves)
SustAt .         Harm     .     (no boots)
MR     .....                    (no amulet)
Stlth  ++........               (no ring)
                                (no ring)

@: not resistant to hostile enchantments, unstealthy
A: rugged brown scales 1, powered by pain 1
a: no special abilities


You were on level 1 of the Dungeon.
You were not hungry.

You visited 1 branch of the dungeon, and saw 1 of its levels.

You collected 66 gold pieces.

Inventory:

Hand Weapons
 i - a +0 short sword (weapon)
Missiles
 g - 17 stones (quivered)
Armour
 a - a +0 robe (worn)
 b - a +0 hat (worn)
Scrolls
 e - a scroll of recharging {unknown}
 f - a scroll of identify {unknown}
 h - a scroll of teleportation {unknown}
 k - a scroll of remove curse {unknown}
Books
 c - a book of Minor Magic

   Spells                             Type                      Level
   a - Magic Dart                     Conjuration                  1
   b - Blink                          Translocation                2
   c - Call Imp                       Summoning                    2
   d - Repel Missiles                 Charms/Air                   2
   e - Slow                           Hexes                        2
   f - Conjure Flame                  Conjuration/Fire             3
   g - Mephitic Cloud                 Conjuration/Poison/Air       3
Comestibles
 d - a bread ration
 j - 2 fruits


   Skills:
 * Level 1.2 Fighting
 - Level 1.7 Dodging
 - Level 1.7 Stealth
 * Level 3.3 Spellcasting
 * Level 2.0 Conjurations
   Level 1.0 Summonings
 - Level 0.8 Translocations


You had 3 spell levels left.
You knew the following spells:

 Your Spells              Type           Power        Failure   Level  Hunger
a - Magic Dart            Conj           ##..         10%         1    None
b - Blink                 Tloc           N/A          17%         2    ##.....
c - Repel Missiles        Chrm/Air       #.....       24%         2    ##.....


Dungeon Overview and Level Annotations

Branches:
Dungeon (1/15)

Altars:


Innate Abilities, Weirdness & Mutations

You are partially covered in rugged brown scales (AC +1, +3% HP).
You sometimes gain a little power by taking damage.


Message History

You open the door.
There is an open door here.
There is an open door here.
A kobold comes into view.
The kobold shouts!
A hobgoblin comes into view.
Casting: Magic Dart
Confirm with . or Enter, or press ? or * to list all spells.
Aiming: Magic Dart
Press: ? - help, Shift-Dir - straight line, f - kobold
Aim: a kobold The magic dart hits the kobold.
You kill the kobold!
You have reached level 3!
Your experience leads to an increase in your attributes!
Increase (S)trength, (I)ntelligence, or (D)exterity?
You feel clever.
Your demonic ancestry asserts itself...
You feel energised by your suffering.
The hobgoblin throws a stone.
The stone barely misses you.
Are you sure you want to abandon this character and quit the game? (Confirm with "yes".)

#.#
#########.##################
........................>..##
#########.#.####.#########..#
............# #.# ##.##
#########.#.# #.# #..#
#########.#.# #.# ##.#
..........#.# #.# #.##
###########.# #@# #..#
............#
##.############.###
#############
#..................
#######.##############.#.
##.............# #†.. #
........⌠....... #... #
................ ##.. #
...⌠.g..$....⌠.. #.. #
................ #..


You could see a hobgoblin.

Vanquished Creatures
  An adder (D:1)
  A giant gecko (D:1)
  2 giant cockroaches (D:1)
  A goblin (D:1)
  3 hobgoblins (D:1)
  3 bats (D:1)
  2 giant newts (D:1)
  3 kobolds (D:1)
  4 rats (D:1)
20 creatures vanquished.

Notes
Turn   | Place    | Note
--------------------------------------------------------------
     0 | D:1      | Chiseanne the Demonspawn Wizard began the quest for the Orb.
     0 | D:1      | Reached XP level 1. HP: 13/13 MP: 4/4
   329 | D:1      | Gained mutation: You are partially covered in rugged brown scales (AC +1, +3% HP). [demonic ancestry]
   329 | D:1      | Reached XP level 2. HP: 5/19 MP: 1/6
   947 | D:1      | Learned a level 2 spell: Blink
   950 | D:1      | Learned a level 2 spell: Repel Missiles
  1022 | D:1      | Reached skill level 1 in Fighting
  1452 | D:1      | Gained mutation: You sometimes gain a little power by taking damage. [demonic ancestry]
  1452 | D:1      | Reached XP level 3. HP: 26/26 MP: 5/7
  1453 | D:1      | Quit the game

Skill      XL: |  1  2 |
---------------+-------+-----
Fighting       | 1 |  1.2
Conjurations   | 2 |  2.0
Dodging        | |  1.7
Stealth        | |  1.7
Spellcasting   | |  3.3
Summonings     | |  1.0
Translocations | |  0.8

Action                   || total
-------------------------++-------
Melee: Short sword       ||    12
 Cast: Magic Dart        ||    44
  Eat: Chunk             ||     1
Armor: Robe              ||     1
Dodge: Dodged            ||    16
